 Dungeon Crawl Stone Soup version 0.14-a0-2340-g8df0fbc (webtiles) character file.

996 Honkfish the Cleaver (level 7, -7/63 HPs)
             Began as a Minotaur Berserker on Jan 30, 2014.
             Was an Elder of Trog.
             Shot with an arrow by a centaur (23 damage)
             ... on Level 5 of the Dungeon.
             The game lasted 00:08:50 (4129 turns).

Honkfish the Cleaver (Minotaur Berserker)           Turns: 4129, Time: 00:08:50

HP  -7/63        AC  3     Str 23      XL: 7   Next: 48%
MP   3/3         EV 11     Int  4      God: Trog [****..]
Gold 248         SH  7     Dex 10      Spells:  0 memorised,  6 levels left

rFire  . . .     SeeInvis .     a - +1,+0 hand axe
rCold  . . .     Clarity  .     b - +0 animal skin
rNeg   + . .     Conserve .     i - +1 buckler {rN+}
rPois  .         rCorr    .     (helmet restricted)
rElec  .         rRot     .     g - +0 cloak
SustAb . .       Spirit   .     (no gloves)
rMut   .         Warding  .     (no boots)
Saprov . . .     Stasis   .     (no amulet)
MR     .....                    (no ring)
                                (no ring)

@: not resistant to hostile enchantments, unstealthy
A: retaliatory headbutt, horns 2, deterioration 1, herbivore 1, spit poison 1
a: Spit Poison, Burn Spellbooks, Berserk, Trog's Hand, Brothers in Arms,
Renounce Religion


You were on level 5 of the Dungeon.
You worshipped Trog.
Trog was greatly pleased with you.
You were hungry.

You visited 1 branch of the dungeon, and saw 5 of its levels.

You collected 248 gold pieces.

Inventory:

Hand weapons
 a - a +1,+0 hand axe (weapon)
Armour
 b - a +0 animal skin (worn)
 g - a +0 cloak (worn)
 i - a +1 buckler of positive energy (worn)
 l - a +0 pair of boots
Magical devices
 f - a wand of lightning (3)
Scrolls
 c - 2 scrolls of remove curse {unknown}
 d - 4 scrolls of magic mapping
 j - 2 scrolls of enchant armour {unknown}
 q - 2 scrolls of fog {unknown}
Jewellery
 h - an uncursed amulet of warding {unknown}
Potions
 e - a potion of might
 m - a potion of speed {unknown}
 o - a potion of heal wounds
 p - a potion of flight


   Skills:
 + Level 6.1 Fighting
 * Level 9.4 Axes
 - Level 2.4 Armour
 - Level 2.1 Dodging


You had 6 spell levels left.
You didn't know any spells.

Dungeon Overview and Level Annotations

Branches:
Dungeon (5/16)
 Temple: D:4-7

Altars:
Cheibriados
Elyvilon
Makhleb
Nemelex Xobeh
Trog
Zin


Innate Abilities, Weirdness & Mutations

You reflexively headbutt those who attack you in melee.
You have a pair of horns on your head.
Your body is slowly deteriorating.
You digest meat inefficiently.
You can spit poison.


Message History

You barely miss the giant gecko. You headbutt the giant gecko.
You kill the giant gecko!
Trog accepts your kill.
You start resting.
A centaur comes into view.
A centaur is nearby!
A centaur is nearby!
A centaur is nearby!
The centaur wields a bow.
The centaur shoots an arrow.
The arrow misses you.
You see here an arrow.
The centaur shoots an arrow.
The arrow misses you.
You see here an arrow.
Use which ability? (? or * to list)
Okay, then.
The centaur shoots an arrow.
The arrow hits you!
You see here an arrow.
The centaur shoots an arrow.
The arrow hits you!
* * * LOW HITPOINT WARNING * * *
The centaur shoots an arrow.
The arrow hits you!
You die...

#.....#
##########.(...########
........................
........................
........c..............
#########.....########
#..[..# #.....# #..@.(#
#...(.# #....(# #<....#
#.....# #.....# #(....#
#...>%# #..%>.#


You could see a centaur.

Vanquished Creatures
  Sigmund (D:2)
  2 crimson imps
  A jelly (D:5)
  A yellow wasp zombie (D:5)
  A giant frog zombie (D:5)
  An orc priest (D:4)
  5 orc wizards
  4 worker ants
  A hound skeleton (D:5)
  A gnoll (D:1)
  9 adders
  A giant mite (D:1)
  2 worms
  2 orc skeletons (D:4)
  5 giant geckos
  An ooze (D:2)
  15 orcs
  3 giant cockroaches
  17 goblins
  10 hobgoblins
  6 quokkas
  A ball python (D:4)
  8 bats
  4 giant newts
  A giant newt skeleton (D:4)
  A goblin skeleton (D:5)
  8 jackals
  12 kobolds
  8 rats
132 creatures vanquished.

Notes
Turn   | Place    | Note
--------------------------------------------------------------
     0 | D:1      | Honkfish, the Minotaur Berserker, began the quest for the Orb.
     0 | D:1      | Reached XP level 1. HP: 19/19 MP: 1/1
   173 | D:1      | Reached skill level 4 in Axes
   178 | D:1      | Reached XP level 2. HP: 20/27 MP: 1/1
   613 | D:1      | Reached XP level 3. HP: 26/33 MP: 2/2
   725 | D:1      | Acquired Trog's second power
   921 | D:2      | Noticed Sigmund
   929 | D:2      | Reached skill level 5 in Axes
   933 | D:2      | Killed Sigmund
   933 | D:2      | Reached XP level 4. HP: 39/41 MP: 2/2
  1176 | D:2      | Reached skill level 5 in Fighting
  1226 | D:2      | Found a snail-covered altar of Cheibriados.
  1310 | D:2      | Reached XP level 5. HP: 28/48 MP: 2/2
  1310 | D:2      | Reached skill level 6 in Axes
  1607 | D:2      | Found a glowing silver altar of Zin.
  1608 | D:2      | Found a burning altar of Makhleb.
  1611 | D:2      | Noticed a blizzard demon
  1615 | D:2      | Noticed an angel
  1730 | D:2      | Found a sparkling altar of Nemelex Xobeh.
  1743 | D:2      | Found a bloodstained altar of Trog.
  2077 | D:2      | Gained mutation: You digest meat inefficiently. [potion of mutation]
  2077 | D:2      | Gained mutation: Your body is slowly deteriorating. [potion of mutation]
  2077 | D:2      | Gained mutation: You can spit poison. [potion of mutation]
  2376 | D:3      | Reached skill level 7 in Axes
  2488 | D:3      | Reached XP level 6. HP: 51/56 MP: 3/3
  2794 | D:3      | Acquired Trog's third power
  3086 | D:4      | Reached skill level 8 in Axes
  3349 | D:4      | Found a white marble altar of Elyvilon.
  3544 | D:4      | Reached XP level 7. HP: 57/62 MP: 3/3
  3874 | D:5      | Entered Level 5 of the Dungeon
  3986 | D:5      | Reached skill level 9 in Axes
  4129 | D:5      | Shot with an arrow by a centaur

Action                   |  1- 3 |  4- 6 |  7- 9 || total
-------------------------+-------+-------+-------++-------
Melee: Hand axe          |    41 |   230 |    71 ||   342
Invok: Berserk           |     1 |     1 |       ||     2
       Trog's Hand       |       |     2 |       ||     2
Evoke: Wand              |       |     1 |     2 ||     3
  Use: Scroll            |     3 |     2 |       ||     5
       Potion            |       |     6 |     1 ||     7
